 Dungeon Crawl Stone Soup version 0.30-a0-528-g8c47a4955b (webtiles) character file.

Game seed: 15565042738053807208

2796 arthad the Fighter (level 9, -10/89 (98) HPs)
             Began as an Ogre Berserker on Dec 24, 2022.
             Was an Elder of Trog.
             Mangled by a wight
             ... wielding a +0 halberd
              (11 damage)
             ... on level 9 of the Dungeon.
             The game lasted 00:13:32 (6903 turns).

arthad the Fighter (Ogre Berserker)                 Turns: 6903, Time: 00:13:32

HP:   -10/89 (98)   AC:  5    Str: 27    XL:     9   Next: 71%
MP:   0/18          EV: 11    Int:  8    God:    Trog [****..]
Gold: 377           SH:  0    Dex:  8    Spells: 8/8 levels left

rFire   . . .      SeeInvis .    a - +1 hand axe (drain)
rCold   . . .      Faith    .    (no shield)
rNeg    . . .      Spirit   +    o - +2 robe "Doggybot" {Will+ MP+9}
rPois   .          Reflect  .    (helmet restricted)
rElec   .          Harm     .    (no cloak)
rCorr   .          Rampage  .    (gloves unavailable)
Will    +++..                    (boots unavailable)
Stlth   ++                       c - amulet of guardian spirit
HPRegen 1.34/turn                (no ring)
MPRegen 0.16/turn                (no ring)

@: strong-willed, on berserk cooldown, regenerating, slowed, drained, very slow
A: large, unfitting armour, tough skin 1
a: Renounce Religion, Berserk, Trog's Hand, Brothers in Arms


You were on level 9 of the Dungeon.
You worshipped Trog.
Trog was greatly pleased with you.
You visited 1 branch of the dungeon, and saw 9 of its levels.
You also visited: Sewer.

You collected 377 gold pieces.

Inventory:

Hand Weapons
 a - a +1 hand axe of draining (weapon)
 i - a +2 vorpal spear
 n - a +2 whip of electrocution
Missiles
 j - 3 curare-tipped darts
 k - 49 poisoned darts (quivered)
 H - 4 atropa-tipped darts
Armour
 b - a +1 animal skin
 o - the +2 robe "Doggybot" (worn) {Will+ MP+9}
   (You found it on level 2 of the Dungeon)

   MP:        It affects your magic capacity (+9).
   Will:      It increases your willpower.
 B - an orb of wrath
 C - the +18 Lear's hauberk
   (You found it on level 6 of the Dungeon)
Jewellery
 c - an amulet of guardian spirit (around neck)
 A - a ring of fire
Wands
 s - a wand of digging (6)
 D - a wand of paralysis (5)
Scrolls
 d - 4 scrolls of fog
 q - 2 scrolls of brand weapon
 u - 8 scrolls of identify
 v - 2 scrolls of teleportation
 w - a scroll of enchant armour
 G - a scroll of amnesia
Potions
 e - 4 potions of degeneration
 f - a potion of invisibility {unknown}
 g - 3 potions of might
 h - 3 potions of heal wounds {unknown}
 l - 6 potions of curing
 m - 3 potions of brilliance {unknown}
 p - 2 potions of haste {unknown}
 r - 2 potions of attraction {unknown}
 t - 3 potions of magic {unknown}
 x - 2 potions of flight {unknown}
 z - a potion of lignification {unknown}
 E - a potion of mutation {unknown}
 F - a potion of resistance {unknown}


   Skills:
 * Level 9.0 Fighting
 * Level 6.8 Axes
 + Level 3.9 Throwing
 + Level 3.4 Armour
 * Level 6.2 Dodging
 + Level 3.4 Stealth


You had 8 spell levels left.
You didn't know any spells.
Your spell library contained the following spells:

 Spells                   Type           Power      Damage    Failure   Level
 Apportation              Tloc           0%         N/A       41%         1
 Magic Dart               Conj           0%         1d3       41%         1
 Necrotise                Necr           0%         1d4       41%         1
 Sandblast                Erth           0%         2d4       41%         1
 Summon Small Mammal      Summ           0%         N/A       41%         1
 Passwall                 Tmut/Erth      0%         N/A       54%         2
 Searing Ray              Conj           0%         2d4       54%         2
 Stone Arrow              Conj/Erth      0%         3d7       78%         3
 Fulminant Prism          Conj/Hex       0%         3d5       99%         4


Dungeon Overview and Level Annotations

Branches:
Dungeon (10/15)            Temple (0/1) D:5           Sewer (visited)
   Lair: D:8-11         Orc: D:9-12

Altars:
Ashenzari
Dithmenos
Elyvilon
Nemelex Xobeh
Ru
Sif Muna
Trog
Vehumet
Wu Jian
Yredelemnul
The Shining One

Portals:
Bailey: D:9

Annotations:
D:9 Harold


Innate Abilities, Weirdness & Mutations

You are too large for most types of armour.
You have tough skin. (AC +1)


Message History

The wight barely misses you. The wight closely misses you.
You barely miss the wight.
The wight is lightly damaged.
You are no longer berserk.
You are exhausted.
You feel yourself slow down. The goblin hits you but does no damage.
You slash the wight!
The wight is severely damaged.
The wight hits you with a +0 scimitar! The wight barely misses you.
The goblin hits you from afar with a +0 spear.
The wight barely misses you. The wight hits you with a +0 scimitar!
You feel drained.
The goblin hits you from afar with a +0 spear.
You barely miss the wight.
The wight is severely damaged.
The goblin closely misses you. The wight hits you but does no damage.
The wight closely misses you. The goblin closely misses you.
The goblin hits you from afar with a +0 spear.
You hit the wight but do no damage.
The wight is severely damaged.
The wight hits you but does no damage.
The wight hits you from afar with a +0 halberd!
* * * LOW HITPOINT WARNING * * *
You feel drained.
* * * LOW HITPOINT WARNING * * *
The goblin hits you from afar with a +0 spear.
The goblin barely misses you.
The wight hits you from afar with a +0 halberd!
* * * LOW HITPOINT WARNING * * *
The wight hits you with a +0 scimitar.
* * * LOW HITPOINT WARNING * * *
The goblin hits you but does no damage.
You hit the wight.
The wight is severely damaged.
You feel your willpower return.
The goblin hits you from afar with a +0 spear.
* * * LOW HITPOINT WARNING * * *
The wight barely misses you.
The wight hits you from afar with a +0 halberd!
You die...

....####.##
..........#
....≈≈≈≈≈.#
...≈.>.≈.#
####.~.∩.≈.#
.....≈...≈z#
@...z≈≈≈≈≈z#
....z@gg.@.#
.#############g####
...............#
............####
............#
#############


You could see Harold, 4 wights and 3 goblins.

Vanquished Creatures
  A troll (D:5)
  Grinder (D:4)
  4 yaks (D:6)
  Menkaure (D:6)
  An orc warrior (D:7)
  A centaur (D:7)
  7 kobold brigands (Sewer)
  A bullfrog (D:7)
  A scorpion (D:4)
  A wight (D:9)
  3 howler monkeys (D:7)
  4 hounds
  3 orc priests
  2 jellies
  2 iguanas
  Jessica (D:3)
  4 orc wizards
  3 river rats (Sewer)
  8 adders
  A white imp (D:6)
  2 ufetubi
  5 worms (Sewer)
  7 dart slugs
  22 orcs
  16 ball pythons
  13 endoplasms
  3 giant cockroaches
  10 goblins
  9 hobgoblins
  A jackal (D:4)
  13 kobolds
  7 quokkas
  4 bats
  5 frilled lizards
  8 rats
175 creatures vanquished.

Notes
Turn   | Place    | Note
-------+----------+-------------------------------------------
     0 | D:1      | arthad the Ogre Berserker began the quest for the Orb.
     0 | D:1      | Reached XP level 1. HP: 24/24 MP: 1/1
    41 | D:1      | Reached XP level 2. HP: 28/32 MP: 2/2
   395 | D:1      | Reached XP level 3. HP: 38/40 MP: 3/3
   535 | D:1      | Reached ** piety under Trog
   878 | D:2      | Reached XP level 4. HP: 26/49 MP: 4/4
  1033 | D:2      | Reached skill level 1 in Stealth
  1456 | D:2      | Found a radiant altar of Vehumet.
  1485 | D:2      | Identified the +2 robe "Doggybot" {Will+ MP+9}
  1850 | D:3      | Reached skill level 5 in Fighting
  1850 | D:3      | Reached skill level 1 in Armour
  1850 | D:3      | Reached XP level 5. HP: 57/57 MP: 5/5
  1894 | D:3      | Found a glowing drain.
  1907 | D:3      | Reached *** piety under Trog
  1925 | Sewer    | Entered a sewer
  1997 | Sewer    | Reached skill level 1 in Throwing
  2177 | Sewer    | Noticed a kobold brigand
  2196 | Sewer    | Killed a kobold brigand
  2197 | Sewer    | Reached XP level 6. HP: 57/66 MP: 6/6
  2453 | Sewer    | Reached skill level 6 in Fighting
  2453 | Sewer    | Reached XP level 7. HP: 42/75 MP: 7/7
  3407 | D:3      | Noticed Jessica
  3413 | D:3      | Killed Jessica
  3414 | D:3      | Reached skill level 5 in Axes
  3579 | D:4      | Reached XP level 8. HP: 61/84 MP: 8/8
  3653 | D:4      | Found an ornate altar of the Wu Jian Council.
  3733 | D:4      | Reached **** piety under Trog
  3846 | D:4      | Found a bloodstained altar of Trog.
  3868 | D:4      | Noticed Grinder
  3875 | D:4      | Paralysed by Grinder for 4 turns
  3899 | D:4      | Killed Grinder
  3900 | D:4      | Reached skill level 7 in Fighting
  4161 | D:4      | Reached skill level 5 in Dodging
  4396 | D:5      | Entered Level 5 of the Dungeon
  4480 | D:5      | Found a staircase to the Ecumenical Temple.
  4606 | D:5      | Found a glowing golden altar of the Shining One.
  4622 | D:5      | Noticed a troll
  4631 | D:5      | Killed a troll
  4671 | D:5      | Found a radiant altar of Vehumet.
  4925 | D:5      | Found a broken altar of Ashenzari.
  4929 | D:5      | Saw a vision of the Swamp and the Snake Pit.
  4929 | D:5      | Noticed an eleionoma
  4929 | D:5      | Noticed a will-o-the-wisp
  4929 | D:5      | Noticed a spriggan druid
  4929 | D:5      | Noticed a ghost crab
  4929 | D:5      | Noticed a black mamba
  4929 | D:5      | Noticed a black mamba
  4930 | D:5      | Noticed a black mamba
  4930 | D:5      | Noticed a goliath frog
  5166 | D:6      | Noticed a yak
  5167 | D:6      | Noticed a yak
  5167 | D:6      | Noticed a yak
  5167 | D:6      | Noticed a yak
  5186 | D:6      | Killed a yak
  5187 | D:6      | Reached skill level 8 in Fighting
  5187 | D:6      | Reached XP level 9. HP: 82/96 MP: 9/9
  5405 | D:6      | Found a white marble altar of Elyvilon.
  5414 | D:6      | Found a sparkling altar of Nemelex Xobeh.
  5415 | D:6      | Found a sacrificial altar of Ru.
  5484 | D:6      | Found the +18 Lear's hauberk
  5729 | D:6      | Found a basalt altar of Yredelemnul.
  5749 | D:6      | Noticed Menkaure
  5789 | D:6      | Killed Menkaure
  6523 | D:7      | Reached skill level 9 in Fighting
  6572 | D:7      | Found a shadowy altar of Dithmenos.
  6764 | D:7      | You fall into a shaft and drop 3 floors!
  6764 | D:10     | Entered Level 10 of the Dungeon
  6796 | D:10     | Found a shimmering blue altar of Sif Muna.
  6869 | D:9      | Found a flagged portal.
  6894 | D:9      | Noticed Harold
  6902 | D:9      | HP: 2/89 [wight/+0 scimitar (3)]
  6903 | D:9      | Mangled by a wight

Illustrated notes

Levels and vault maps discovered:
D:1:      amcnicky_arrival_double_pillar, layout_basic
D:2:      wander_river, layout_loops_ring, basic_altar
D:3:      wad_river_or_something, layout_basic, cheibrodos_sewer_entry_drain,
          kennysheep_jessica_study
D:4:      layout_basic, mainiacjoe_overflow_cross_hatched,
          mainiacjoe_overflow_brackets, minmay_starry_boxes, uniq_grinder
D:5:      layout_basic, kennysheep_mini, grunt_ashenzari_visionary
          [grunt_ashenzari_visionary_swamp, grunt_ashenzari_visionary_snake],
          general_overflow_altar, temple_fountains, minivault_19,
          kennysheep_cluttered_room, hangedman_decor_riveting,
          minmay_misc_feat_rows
D:6:      layout_basic, nicolae_overflow_crystal_walls,
          gammafunk_temple_overflow_forgotten, uniq_menkaure
D:7:      layout_gridville, lemuel_doored_altar
D:9:      minmay_the_grid_square_5x5_3x3 [minmay_the_grid_square_5x5_eight,
          minmay_the_grid_square_5x5_three, minmay_the_grid_square_5x5_v,
          minmay_the_grid_square_5x5_n_small,
          minmay_the_grid_square_5x5_megaprize_crossed,
          minmay_the_grid_square_5x5_bridge, minmay_the_grid_square_5x5_meh,
          minmay_the_grid_square_5x5_one_wall, minmay_the_grid_square_5x5_plus],
          layout_grid_maze, enter_bailey_5, minmay_shop_chei, uniq_harold
D:10:     layout_rooms, led_sif_pool, grunt_gozag_breadcrumbs

Skill      XL: |  1  2  3  4  5  6  7  8  9 |
---------------+----------------------------+-----
Dodging        | 3 4 5 6 |  6.2
Stealth        | 1 2 3 |  3.4
Fighting       | 5 6 8 9 |  9.0
Armour         | 1 2 3 |  3.4
Throwing       | 1 2 3 |  3.9
Axes           | 4 5 6 |  6.8

Action                   |  1- 3 |  4- 6 |  7- 9 || total
-------------------------+-------+-------+-------++-------
Melee: Hand axe          |    92 |   155 |   349 ||   596
       Punch             |     1 |       |     2 ||     3
Throw: Dart              |       |     6 |       ||     6
Invok: Berserk           |       |     2 |     2 ||     4
       Trog's Hand       |       |     2 |     3 ||     5
  Use: Scroll            |       |     5 |     4 ||     9
       Potion            |       |       |     3 ||     3
 Stab: Sleeping          |       |     1 |     5 ||     6
Armor: Animal skin       |    29 |    14 |       ||    43
       Robe              |       |    49 |    79 ||   128
Dodge: Dodged            |    37 |    87 |   168 ||   292

Table legend: (Time is in decaauts)
 A = Elapsed time spent in this place.
 B = Non-inter-level travel time spent in this place.
 C = Inter-level travel time spent in this place.
 D = Time resting spent in this place.
 E = Time spent auto-exploring this place.
 F = Levels seen in this place.
 G = Mean time per level.
                   A        B        C        D        E       F      G
               +--------+--------+--------+--------+--------+-----+--------+
         Total |   7001 |   6886 |    115 |     33 |   5373 |  10 |  700.1 |
       Dungeon |   5962 |   5847 |    115 |      6 |   4648 |   9 |  662.4 |
         Sewer |   1038 |   1038 |      0 |     27 |    725 |   1 | 1038.0 |
               +--------+--------+--------+--------+--------+-----+--------+

Top non-repeatable levels by time:
     D:6: 1176 daAuts
   Sewer: 1038 daAuts
     D:2: 1003 daAuts
     D:4: 868 daAuts
     D:1: 831 daAuts
     D:5: 725 daAuts
     D:3: 719 daAuts
     D:7: 501 daAuts
    D:10: 92 daAuts
     D:9: 44 daAuts
